 Dungeon Crawl Stone Soup version 0.32-a0-540-g866d13106e (webtiles) character file.

Game seed: 12484918750634226920

119 HC7 the Changeling (level 4, -12/41 HPs)
             Began as a Troll Shapeshifter on Feb 28, 2024.
             Was a Follower of Wu Jian.
             Killed by vampiric draining
             ... invoked by jfitz's ghost
              (16 damage)
             ... on level 3 of the Dungeon.
             The game lasted 00:05:50 (1675 turns).

HC7 the Changeling (Troll Shapeshifter)             Turns: 1675, Time: 00:05:50

Health: -12/41     AC:  4    Str: 22    XL:     4   Next: 73%
Magic:  3/3        EV:  9    Int:  6    God:    Wu Jian [*.....]
Gold:   128        SH:  0    Dex:  7    Spells: 4/4 levels left

rFire   . . .        e - +8 battleaxe of Balance {venom, +Blink rCorr Dex-4}
rCold   . . .        (shield currently unavailable)
rNeg    . . .        a - +0 animal skin
rPois   .            (helmet currently unavailable)
rElec   .            (cloak currently unavailable)
rCorr   +            (gloves unavailable)
SInv    .            (boots unavailable)
Will    .....        (no amulet)
Stlth   +            (no ring)
HPRegen 1.06/turn    (no ring)
MPRegen 0.08/turn

%: no passive effects
@: lethally poisoned (-12 -> -23), beast-form
A: beast (slay +2), large, unfitting armour, claws 3, regeneration 1, shaggy fur
1, tough skin 1
a: Begin Untransformation, Renounce Religion, Evoke Blink


You were on level 3 of the Dungeon.
You worshipped Wu Jian.
Wu Jian was aware of your devotion.
You were a hulking beast.
You visited 1 branch of the dungeon, and saw 3 of its levels.

You collected 128 gold pieces.

Inventory:

Hand Weapons
 e - the +8 battleaxe of Balance (weapon) {venom, +Blink rCorr Dex-4}
   (You acquired it on level 2 of the Dungeon)

   Dex-4:     It affects your dexterity (-4).
   +Blink:    It lets you blink.
   rCorr:     It protects you from acid and corrosion.
Missiles
 q - 3 darts of dispersal (quivered)
Armour
 a - a +0 animal skin (worn)
 f - a scarf of shadows
Jewellery
 p - a ring of fire
Talismans
 c - a beast talisman (active)
 d - a flux talisman
 m - a maw talisman
Wands
 n - a wand of acid (8)
Scrolls
 g - 2 scrolls of teleportation {unknown}
 k - 2 scrolls of identify {unknown}
 o - 2 scrolls of vulnerability {unknown}
Potions
 b - 3 potions of lignification
 h - a potion of resistance {unknown}
 i - a potion of enlightenment {unknown}
 j - 2 potions of heal wounds {unknown}
 l - a potion of haste {unknown}


   Skills:
 + Level 1.0 Fighting
 + Level 1.0 Axes
 + Level 2.0 Dodging
 * Level 0.3 Stealth
 + Level 3.6 Unarmed Combat
 * Level 0.5 Spellcasting
 * Level 3.8 Shapeshifting


You had 4 spell levels left.
You didn't know any spells.
Your spell library contained the following spells:

 Spells                   Type           Power      Damage    Failure   Level
 Magic Dart               Conj           0%         1d3       43%         1
 Searing Ray              Conj           0%         2d4       58%         2
 Fulminant Prism          Conj/Alch      0%         3d5       99%         4


Dungeon Overview and Level Annotations

Branches:
Dungeon (3/15)

Altars:
Fedhas
Wu Jian

Annotations:
D:3 jfitz's ghost, amateur DsNe


Innate Abilities, Weirdness & Mutations

You are a hulking beast.
Your limbs bulge with bestial killing power. (Slay +2)
You are too large for most types of armour.
You have claws for hands.
Your natural rate of healing is unusually fast.
You are covered in fur. (AC +1)
You have tough skin. (AC +1)


Message History

A rat comes into view.
Jfitz's ghost says, "I need your bones for a spell of mine."
As you open the door, it creaks loudly!
You closely miss jfitz's ghost.
Jfitz's ghost gestures at you while chanting.
Pain shoots through your body!
You completely miss jfitz's ghost.
Jfitz's ghost hits you but does no damage.
You are poisoned.
Jfitz's ghost hits you but does no damage.
You slash jfitz's ghost!
Jfitz's ghost is heavily damaged.
You closely miss the rat.
You feel very sick. Jfitz's ghost hits you.
You are more poisoned.
The rat closely misses you.
You closely miss jfitz's ghost.
Jfitz's ghost is heavily damaged.
You slash the rat!
You kill the rat!
The Council accepts your kill.
You feel very sick.
Jfitz's ghost says, "Don't worry, I won't let your corpse go to waste."
Jfitz's ghost gestures at you while chanting.
Pain shoots through your body! Jfitz's ghost hits you.
You are more poisoned.
You hit jfitz's ghost but do no damage.
Jfitz's ghost is heavily damaged.
You feel extremely sick. Jfitz's ghost hits you.
You are more poisoned.
Jfitz's ghost hits you.
You are more poisoned.
You slice jfitz's ghost!!
Jfitz's ghost is almost destroyed.
* * * LOW HITPOINT WARNING * * *
You feel extremely sick.
Jfitz's ghost draws life force from you!
You die...

#..................
#..................
#..................
#..................
####...###...#....#
##...##⌠##.......#
###...##...##......#
#....##..!..##.....#
#.#.hW...♣..⌠
#.#..##..?..#
###.#...##...##
#........##⌠##
#.........###.
#.............
#.............
#........#..##
#............


You could see jfitz's ghost.

Vanquished Creatures
  Jessica (D:2)
  Robin (D:2)
  3 adders
  A dart slug (D:1)
  2 ribbon worms
  6 endoplasms
  2 giant cockroaches
  9 goblins
  4 hobgoblins
  A quokka (D:2)
  3 ball pythons (D:2)
  7 bats
  4 frilled lizards
  3 kobolds
  2 rats
49 creatures vanquished.

Notes
Turn   | Place    | Note
-------+----------+-------------------------------------------
     0 | D:1      | HC7 the Troll Shapeshifter began the quest for the Orb.
     0 | D:1      | Reached XP level 1. HP: 18/18 MP: 0/0
   238 | D:1      | Reached XP level 2. HP: 26/26 MP: 1/1
   452 | D:1      | Reached skill level 1 in Fighting
   537 | D:2      | Noticed Jessica
   537 | D:2      | Found a blossoming altar of Fedhas.
   546 | D:2      | Killed Jessica
   547 | D:2      | Reached XP level 3. HP: 32/33 MP: 2/2
   628 | D:2      | Identified a scroll of acquirement
   628 | D:2      | Acquired the +8 battleaxe of Balance {venom, +Blink rCorr
                  | Dex-4}
   749 | D:2      | Noticed Robin
   761 | D:2      | Killed Robin
   769 | D:2      | Reached XP level 4. HP: 41/41 MP: 3/3
  1531 | D:3      | Found a faded altar of an unknown god.
  1544 | D:3      | Prayed at the altar of an unknown god.
  1544 | D:3      | Became a worshipper of the Wu Jian Council
  1544 | D:3      | Reached * piety under Wu Jian
  1583 | D:3      | Reached skill level 1 in Axes
  1650 | D:3      | Found a runed translucent door.
  1650 | D:3      | Noticed jfitz's ghost (amateur DsNe)
  1675 | D:3      | Killed from afar by jfitz's ghost

Illustrated notes

Levels and vault maps discovered:
D:1:      ebering_trefoil_twist, layout_basic, minmay_misc_feat_alley,
          minmay_pentomino_r4
D:2:      layout_basic, basic_altar, uniq_jessica, uniq_robin
D:3:      layout_basic, chequers_ecumenical_altar_simple,
          hellmonk_ghost_happy_afterlife, nicolae_titane

Skill      XL: |  1  2  3  4 |
---------------+-------------+-----
Fighting       | 1 |  1.0
Dodging        | 2 |  2.0
Axes           | 1 |  1.0
Stealth        | |  0.3
Unarmed Combat | |  3.6
Spellcasting   | |  0.5
Shapeshifting  | |  3.8

Action                     |  1- 3 |  4- 6 || total
---------------------------+-------+-------++-------
  Melee: Unarmed           |    48 |       ||    48
         Punch             |     1 |       ||     1
         Battleaxe         |    21 |    34 ||    55
Ability: Whirlwind         |       |     2 ||     2
    Use: Scroll            |     2 |       ||     2
 Armour: Animal skin       |    61 |    24 ||    85
  Dodge: Dodged            |    49 |    17 ||    66

Table legend: (Time is in decaauts)
 A = Elapsed time spent in this place.
 B = Non-inter-level travel time spent in this place.
 C = Inter-level travel time spent in this place.
 D = Time resting spent in this place.
 E = Time spent auto-exploring this place.
 F = Levels seen in this place.
 G = Mean time per level.
                   A        B        C        D        E       F      G
               +--------+--------+--------+--------+--------+-----+--------+
         Total |   1706 |   1528 |    178 |      0 |   1133 |   3 |  568.7 |
       Dungeon |   1706 |   1528 |    178 |      0 |   1133 |   3 |  568.7 |
               +--------+--------+--------+--------+--------+-----+--------+

Top non-repeatable levels by time:
     D:2: 889 daAuts
     D:1: 535 daAuts
     D:3: 280 daAuts
